 Dungeon Crawl Stone Soup version 0.32-a0-42-ga30500b4d3 (webtiles) character file.

Game seed: 1842689927038452350

2324 demibob the Carver (level 9, -1/63 HPs)
             Began as a Demonspawn Chaos Knight on Jan 30, 2024.
             Was an Initiate of Gozag.
             Slain by a killer bee (8 damage)
             ... on level 7 of the Dungeon.
             The game lasted 00:11:14 (6381 turns).

demibob the Carver (Demonspawn Chaos Knight)        Turns: 6381, Time: 00:11:16

Health: -1/63      AC:  6    Str: 17    XL:     9   Next: 19%
Magic:  9/9        EV: 11    Int: 16    God:    Gozag
Gold:   492        SH:  4    Dex: 11    Spells: 8/8 levels left

rFire   . . .        a - +1 falchion (chaos)
rCold   . . .        (no shield)
rNeg    + . .        b - +3 leather armour
rPois   .            (helmet restricted)
rElec   .            (cloak unavailable)
rCorr   .            (no gloves)
SInv    +            (no boots)
Will    .....        f - amulet of magic regeneration
Stlth   +            N - ring of positive energy
HPRegen 0.30/turn    v - ring of see invisible
MPRegen 0.51/turn

%: no passive effects
@: lethally poisoned (-1 -> -3)
A: antennae 1, demonic guardian 1, powered by death 1, weakness stinger 3, large
bone plates 1, clever 1, sense surroundings 1
a: Renounce Religion, Potion Petition, Call Merchant, Bribe Branch


You were on level 7 of the Dungeon.
You worshipped Gozag.
Gozag was aware of your devotion.
You visited 1 branch of the dungeon, and saw 7 of its levels.

You collected 622 gold pieces.
You paid 130 gold pieces to Gozag.


Innate Abilities, Weirdness & Mutations

You have a pair of small antennae on your head.
A weak demonic guardian rushes to your aid.
You regenerate a little health from kills.
You have a sharp stinger which inflicts weakening toxins.
You are partially covered in large bone plates. (SH +4)
Your mind is acute. (Int +4, Str/Dex -1)
You passively map a small area around you.


   Skills:
 - Level 3.0 Fighting
 + Level 11.6 Long Blades
 - Level 1.7 Armour
 - Level 0.8 Dodging


You had 8 spell levels left.
You didn't know any spells.
Your spell library contained the following spells:

 Spells                   Type           Power      Damage    Failure   Level
 Kiss of Death            Conj/Necr      0%         2d5       30%         1
 Slow                     Hex            0%         N/A       30%         1
 Confusing Touch          Hex            0%         N/A       65%         3
 Sigil of Binding         Hex            0%         N/A       65%         3
 Vampiric Draining        Necr           0%         2d6       65%         3
 Dispel Undead            Necr           0%         3d6       96%         4

Inventory:

Hand Weapons
 a - a +1 falchion of chaos (weapon)
Missiles
 k - 3 throwing nets {=f}
Armour
 b - a +3 leather armour (worn)
Jewellery
 f - an amulet of magic regeneration (around neck)
 v - a ring of see invisible (right hand)
 D - a +6 ring of dexterity
 M - a ring of magical power
 N - a ring of positive energy (left hand)
Wands
 c - a wand of polymorph (3)
Scrolls
 d - a scroll of immolation
 h - a scroll of teleportation {@r2}
 j - 2 scrolls of enchant armour
Potions
 e - 2 potions of brilliance

Dungeon Overview and Level Annotations

Branches:
Dungeon (7/15)             Temple (0/1) D:7

Altars:
Gozag
Hepliaklqana
Xom

####
######..########
*####...............
* ..#.#.....########
* ** #5#.#.###.#
#@#.#.# #.# *,
#y#.#.# #.# * *
##y#.#.# #.###
#.y..#.# #.#<# ,
#....#.# #.#.# ..
######....#.# #.#.#
...##......5#.#.#
#.#.#
........##.y#.#.#
#.#.#
............#.#.#
#.#.######


You could see 4 killer bees, a friendly iron imp (summoned) and a friendly
quasit (summoned).


Message History

You feel sick. The killer bee stings your quasit.
Your quasit barely misses the killer bee.
Your quasit closely misses the killer bee.
Your quasit barely misses the killer bee.
The killer bee closely misses your quasit.
Unknown command.
It was a potion of cancellation.
You feel magically purged.
You feel sick. The killer bee misses your quasit.
You block the killer bee's attack.
Your quasit bites the killer bee.
Your quasit claws the killer bee.
Your quasit completely misses the killer bee.
The killer bee barely misses your quasit.
The killer bee barely misses you.
Unknown command.
You miss the killer bee.
The killer bee is severely wounded.
You feel sick.
Your quasit closely misses the killer bee.
Your quasit barely misses the killer bee.
Your quasit claws the killer bee but does no damage.
The killer bee closely misses your quasit.
The killer bee stings you!
* * * LOW HITPOINT WARNING * * *
A demonic guardian appears!
You feel sick. The killer bee misses your quasit.
Your quasit closely misses the killer bee.
Your quasit completely misses the killer bee.
Your quasit misses the killer bee. The killer bee misses your quasit.
The killer bee stings you!
You die...
Your body crumbles into a pile of gold.

Skill      XL: |  1  2  3  4  5  6  7  8 |
---------------+-------------------------+-----
Long Blades    | 3 4 5 6 7 9 11 | 11.6
Fighting       | |  3.0
Armour         | |  1.7
Dodging        | |  0.8

Action                     |  1- 3 |  4- 6 |  7- 9 || total
---------------------------+-------+-------+-------++-------
  Melee: Falchion          |   133 |   141 |   278 ||   552
         Punch             |     1 |       |     3 ||     4
         Tailslap          |       |    25 |    43 ||    68
    Use: Scroll            |     5 |     8 |     1 ||    14
         Potion            |       |     6 |     6 ||    12
   Stab: Sleeping          |     1 |       |       ||     1
         Confused          |       |     1 |     1 ||     2
         Petrified         |       |     1 |       ||     1
         Paralysed         |       |       |     2 ||     2
 Armour: Leather armour    |   113 |   106 |   182 ||   401
  Dodge: Dodged            |    90 |    76 |   153 ||   319
  Block: Other             |       |     1 |    48 ||    49

Levels and vault maps discovered:
D:1:      psy_arrival_conway, layout_basic, minmay_three_crescents
D:2:      layout_rooms, hellmonk_ecumenical_altar_blasted
D:3:      layout_basic, grunt_ministairs_7, minmay_distorted
D:4:      layout_basic, minmay_overflow_temple_star_hex, serial_park_tiny_2
D:5:      layout_gridville, nicolae_tso_swordbearing_angel,
          gammafunk_temple_overflow_statue, nicolae_underground_beach
D:6:      layout_basic, overflow_temple_1_default, mainiacjoe_overflow_alcove_1,
          nicolae_benzene_ring, kennysheep_diamond, supply_closet_lemuel,
          chequers_serial_rivers_room_a, corexii_hall_statues_x, minivault_27,
          nrook_uturn
D:7:      layout_basic, zin_academy, minmay_temple_entry_statues_pillars

Notes
Turn   | Place    | Note
-------+----------+-------------------------------------------
     0 | D:1      | demibob the Demonspawn Chaos Knight began the quest for the
                  | Orb.
     0 | D:1      | Reached XP level 1. HP: 18/18 MP: 1/1
    47 | D:1      | Reached skill level 3 in Long Blades
    66 | D:1      | XOM: silly message
   147 | D:1      | Gained mutation: A weak demonic guardian rushes to your
                  | aid. [demonic ancestry]
   147 | D:1      | Reached XP level 2. HP: 19/24 MP: 2/2
   432 | D:1      | XOM: potion effect (heal wounds)
   453 | D:1      | Reached XP level 3. HP: 17/29 MP: 3/3
   469 | D:1      | XOM: silly message
   559 | D:1      | XOM: divination: magic mapping
   618 | D:1      | Reached skill level 4 in Long Blades
   754 | D:2      | XOM: butterfly on damage
  1050 | D:2      | You fall into a shaft and drop 2 floors!
  1060 | D:4      | XOM: smoke on damage
  1063 | D:4      | XOM: divination: magic mapping
  1068 | D:4      | You feel monstrous as your demonic heritage exerts itself.
  1068 | D:4      | Discovered your monstrous ancestry.
  1068 | D:4      | Gained mutation: You have a small tail. [demonic ancestry]
  1068 | D:4      | Reached XP level 4. HP: 30/35 MP: 4/4
  1121 | D:4      | XOM: confuse monster(s)
  1129 | D:4      | Reached skill level 5 in Long Blades
  1308 | D:4      | Gained mutation: You have a tail ending in a sharp stinger.
                  | [demonic ancestry]
  1308 | D:4      | Reached XP level 5. HP: 36/41 MP: 5/5
  1375 | D:4      | XOM: 1-stop teleportation journey
  1414 | D:4      | Noticed a sky beast
  1417 | D:4      | XOM: summons friendly quasit
  1425 | D:4      | Killed a sky beast
  1426 | D:4      | Reached skill level 6 in Long Blades
  1513 | D:4      | Gained mutation: You have a pair of small antennae on your
                  | head. [demonic ancestry]
  1513 | D:4      | Reached XP level 6. HP: 29/47 MP: 6/6
  1516 | D:4      | XOM: confuse monster(s)
  2424 | D:2      | XOM: silly message
  2439 | D:2      | Found a faded altar of an unknown god.
  2626 | D:4      | XOM: noise
  2657 | D:4      | a scorpion changed into a troll
  2657 | D:4      | Noticed a troll
  2657 | D:4      | XOM: polymorph scorpion -> troll
  2658 | D:4      | XOM: butterfly on damage
  2659 | D:4      | a troll changed into a rat
  2659 | D:4      | XOM: polymorph troll -> rat
  2668 | D:5      | Entered Level 5 of the Dungeon
  2844 | D:5      | XOM: 1-stop teleportation journey
  2886 | D:5      | XOM: give mutations
  2886 | D:5      | Gained mutation: You are partially covered in large bone
                  | plates. (SH +4) [Xom's grace]
  2886 | D:5      | Gained mutation: You passively map a small area around you.
                  | [Xom's grace]
  2991 | D:5      | Reached skill level 7 in Long Blades
  3107 | D:5      | Gained mutation: You have a sharp stinger which inflicts
                  | weakening toxins. [demonic ancestry]
  3107 | D:5      | Reached XP level 7. HP: 26/52 MP: 7/7
  3242 | D:5      | XOM: summons 7 friendly demons
  3346 | D:5      | Found a hazy altar of Hepliaklqana.
  3374 | D:5      | XOM: summons 4 hostile demons
  4215 | D:6      | XOM: 1-stop teleportation journey
  4217 | D:6      | XOM: 1-stop teleportation journey
  4230 | D:6      | XOM: blink monster(s)
  4234 | D:6      | Reached skill level 8 in Long Blades
  4356 | D:6      | XOM: give mutation
  4356 | D:6      | Gained mutation: Your mind is acute. (Int +4, Str/Dex -1)
                  | [Xom's mischief]
  4430 | D:6      | Noticed a steam dragon
  4431 | D:6      | Identified a potion of resistance
  4434 | D:6      | XOM: summons friendly iron imp
  4435 | D:6      | Reached skill level 9 in Long Blades
  4435 | D:6      | Gained mutation: You regenerate a little health from kills.
                  | [demonic ancestry]
  4435 | D:6      | Reached XP level 8. HP: 40/58 MP: 8/8
  4532 | D:6      | Reached skill level 10 in Long Blades
  4620 | D:6      | XOM: divination: detect creatures
  4694 | D:6      | Found a shimmering altar of Xom.
  4779 | D:6      | XOM: silly message
  4858 | D:6      | XOM: divination: detect creatures
  5109 | D:6      | Found an opulent altar of Gozag.
  5112 | D:6      | XOM: summons 3 hostile shadow creatures
  5252 | D:6      | Fell from the grace of Xom
  5252 | D:6      | Became a worshipper of Gozag Ym Sagoz the Greedy
  5719 | D:7      | Found a staircase to the Ecumenical Temple.
  5732 | D:7      | Reached skill level 11 in Long Blades
  5841 | D:7      | Reached XP level 9. HP: 49/63 MP: 9/9
  5905 | D:7      | XOM: cloud trail
  6179 | D:7      | XOM: 3-stop teleportation journey
  6381 | D:7      | Slain by a killer bee

Vanquished Creatures
  A steam dragon (D:6)
  A water moccasin (D:6)
  An ice beast (D:7)
  A sky beast (D:4)
  An ogre (D:7)
  3 centaurs (D:6)
  3 gnoll sergeants
  2 bullfrogs (D:6)
  3 scorpions
  An electric eel (D:6)
  3 bombardier beetles
  3 hounds
  A jelly (D:7)
  A sleepcap (D:6)
  A gnoll bouda (D:6)
  2 orc priests
  An iguana (D:5)
  3 orc wizards
  16 gnolls
  7 adders
  An ufetubus (D:5)
  2 dart slugs (D:2)
  4 ribbon worms
  20 orcs
  6 ball pythons
  12 endoplasms
  2 giant cockroaches (D:1)
  5 goblins
  6 hobgoblins
  11 kobolds
  2 quokkas
  12 bats
  6 frilled lizards
  8 rats
152 creatures vanquished.

Vanquished Creatures (collateral kills)
  An acid dragon (D:7)
  A bullfrog (D:7)
  2 hounds
  2 gnolls (D:6)
  An ufetubus (D:5)
  4 orcs
11 creatures vanquished.

Grand Total: 163 creatures vanquished

Table legend: (Time is in decaauts)
 A = Elapsed time spent in this place.
 B = Non-inter-level travel time spent in this place.
 C = Inter-level travel time spent in this place.
 D = Time resting spent in this place.
 E = Time spent auto-exploring this place.
 F = Levels seen in this place.
 G = Mean time per level.
                   A        B        C        D        E       F      G
               +--------+--------+--------+--------+--------+-----+--------+
         Total |   6309 |   6193 |    116 |    353 |   4736 |   7 |  901.3 |
       Dungeon |   6309 |   6193 |    116 |    353 |   4736 |   7 |  901.3 |
               +--------+--------+--------+--------+--------+-----+--------+

Top non-repeatable levels by time:
     D:5: 1493 daAuts
     D:6: 1477 daAuts
     D:3: 804 daAuts
     D:1: 759 daAuts
     D:7: 650 daAuts
     D:2: 597 daAuts
     D:4: 525 daAuts

Table legend:
 A = Non-vault XP
 B = Vault XP
 C = Vault XP percentage of total XP
 D = Non-vault monster count
 E = Vault monster count
 F = Vault count percentage of total count
                 A         B        C        D         E       F
            +---------+---------+-------+---------+---------+-------
      Total |    3059 |     261 |   7.9 |     149 |      13 |   8.0
            +---------+---------+-------+---------+---------+-------
        D:1 |      49 |      10 |  16.9 |      30 |       6 |  16.7
        D:2 |      50 |       0 |   0.0 |      19 |       0 |   0.0
        D:3 |      56 |       7 |  11.1 |      17 |       4 |  19.0
        D:4 |     365 |       0 |   0.0 |      15 |       0 |   0.0
        D:5 |     404 |       0 |   0.0 |      22 |       0 |   0.0
        D:6 |    1351 |     244 |  15.3 |      26 |       3 |  10.3
        D:7 |     784 |       0 |   0.0 |      20 |       0 |   0.0
            +---------+---------+-------+---------+---------+-------
